AoeStats
← [GDL] Maldito Pantoja

Four Lakes

503290839Analyzed
4v4 RM · 1mo ago on Aug 31, 2026· 45m 52s· 8 players
Game mode
Random Map
Map size
Large (8 player)
Population
200
Speed
Normal
Resources
Standard
Victory
Conquest
Starting age
Dark Age
Ending age
Imperial Age
RankedLock teamsTeams togetherTeam positionsShared explorationLock speedFull tech treeHidden civsTurbo modeCheats
Victory
Defeat
🇧🇴 Vietnamese · Bolivia
1392
+12
🇦🇷 Huns · Argentina
1368
+13
🇧🇷 Franks · Brazil
1310
+16
🇺🇸 Vikings · United States
1282
+17
🇲🇽 Saracens · Mexico
1374
-18
🇫🇷 Celts · France
1303
-14
🇺🇸 Vietnamese · United States
1294
-14
🇨🇳 Burgundians · China
1282
-13
Slayer
9:17 Feudal Age
9:45 Loom
9:46 Double-Bit Axe
14:25 Fletching
15:48 Padded Archer Armor
20:16 Horse Collar
Kuroko
7:12 Loom
9:26 Feudal Age
9:57 Double-Bit Axe
20:39 Castle Age
19:19 Scale Barding Armor
20:48 Forging
23:42 Gold Mining
25:10 Iron Casting
37:54 Chain Barding Armor
40:40 Bow Saw
41:46 Wheelbarrow
45:22 Imperial Age
43:28 Fletching
45:24 Cavalier
47:06 Blast Furnace
GG LA LIFE KARIN
PSX | DP11A
0:35 Loom
10:07 Feudal Age
15:45 Double-Bit Axe
15:43 Horse Collar
16:21 Scale Barding Armor
19:32 Castle Age
19:00 Fletching
19:10 Padded Archer Armor
19:31 Bloodlines
19:44 Gold Mining
20:36 Bodkin Arrow
21:28 Gold Shaft Mining
21:45 Husbandry
23:53 Thumb Ring
25:18 Leather Archer Armor
28:07 Crossbowman
29:58 Wheelbarrow
30:14 Ballistics
34:09 Stone Mining
39:46 Imperial Age
38:59 Chain Barding Armor
39:18 Forging
39:37 Hand Cart
40:17 Marauders
42:27 Plate Barding Armor
42:28 Iron Casting
[GDL] Maldito Pantoja
7:01 Loom
9:27 Feudal Age
14:45 Padded Archer Armor
16:28 Fletching
26:20 Castle Age
24:24 Double-Bit Axe
26:28 Crossbowman
27:52 Bodkin Arrow
34:42 Leather Archer Armor
TheLowercasee
7:36 Loom
10:03 Feudal Age
10:39 Double-Bit Axe
14:45 Wheelbarrow
16:31 Horse Collar
16:44 Gold Mining
17:11 Fletching
19:08 Padded Archer Armor
19:43 Town Watch
24:08 Castle Age
24:11 Crossbowman
24:47 Bodkin Arrow
25:20 Bow Saw
26:46 Leather Archer Armor
27:38 Ballistics
29:31 Thumb Ring
36:03 Hand Cart
41:52 Imperial Age
41:29 Stone Mining
42:06 Arbalester
42:48 Bracer
Bug Spencer
4:32 Loom
11:22 Feudal Age
12:42 Town Watch
15:37 Castle Age
13:46 Man-at-Arms
14:28 Scale Mail Armor
14:38 Forging
15:36 Double-Bit Axe
15:32 Horse Collar
15:43 Gold Mining
16:16 Pikeman
16:53 Long Swordsman
17:58 Scale Barding Armor
19:01 Arson
20:02 Husbandry
21:33 Chain Barding Armor
21:07 Fishing Lines
23:10 Wheelbarrow
24:40 Gillnets
25:45 Iron Casting
29:03 Gold Shaft Mining
28:40 Bow Saw
28:31 Heavy Plow
28:47 Stone Mining
31:13 Chain Mail Armor
36:12 Imperial Age
34:18 Hand Cart
34:03 Town Patrol
37:14 Ballistics
36:27 Halberdier
37:39 Plate Mail Armor
38:09 Blast Furnace
38:17 Heavy Scorpion
39:03 Onager
41:57 Siege Onager
CavArchers
Connection lost

Rejoining the realm…

Still unreachable

The connection could not be restored.

Session expired

The server has moved on; the page needs a fresh start.